 Dungeon Crawl Stone Soup version 0.13-a0-3104-gb5885e9 (webtiles) character file.

115 Malachi the Magician (level 3, -3/22 HPs)
             Began as a Mummy Wizard on Sept 19, 2013.
             Slain by a hobgoblin
             ... wielding a +0,+0 short sword
              (6 damage)
             ... on Level 2 of the Dungeon.
             The game lasted 00:03:42 (2467 turns).

Malachi the Magician (Mummy Wizard)                 Turns: 2467, Time: 00:03:42

HP  -3/22        AC  2     Str 10      XL: 3   Next: 48%
MP   1/9         EV 12     Int 18      God:
Gold 68          SH  0     Dex 10      Spells:  1 memorised,  8 levels left

Res.Fire  : x . .   See Invis. : .   g - +0,+1 spear
Res.Cold  : + . .   Warding    : .   a - +0 robe
Life Prot.: + + +   Conserve   : .   (no shield)
Res.Poison: +       Res.Corr.  : .   b - +0 wizard hat
Res.Elec. : .       Clarity    : .   (no cloak)
Sust.Abil.: . .     Spirit.Shd : .   (no gloves)
Res.Mut.  : .       Stasis     : .   (no boots)
Res.Rott. : +       Flight     : .   (no amulet)
Saprovore : . . .                    (no ring)
                                     (no ring)

@: very slightly contaminated, slightly resistant to hostile enchantments,
unstealthy
A: no food or potions, fire vulnerability, restore body, cold resistance 1, life
protection 3, poison resistance, torment resistance, unbreathing
a: no special abilities


You were on level 2 of the Dungeon.
You were not hungry.

You visited 1 branch of the dungeon, and saw 2 of its levels.

You collected 48 gold pieces.

Inventory:

Hand weapons
 g - a +0,+1 spear (weapon)
Armour
 a - a +0 robe (worn)
 b - a +0 wizard hat (worn)
Scrolls
 d - a scroll of amnesia {unknown}
 f - a scroll of random uselessness {unknown}
 h - a scroll of curse jewellery {unknown}
 i - a scroll of blinking {unknown}
Books
 c - a book of Minor Magic

   Spells                             Type                      Level
   *Magic Dart                        Conjuration                  1
   Blink                              Translocation                2
   Call Imp                           Summoning                    2
   Repel Missiles                     Charms/Air                   2
   Slow                               Hexes                        2
   Conjure Flame                      Conjuration/Fire             3
   Mephitic Cloud                     Conjuration/Poison/Air       3


   Skills:
   Level 0.1 Short Blades
 + Level 0.2 Polearms
 + Level 2.0 Dodging
 + Level 1.9 Stealth
 * Level 3.6 Spellcasting
 * Level 1.0 Conjurations
   Level 0.7 Summonings
   Level 0.7 Translocations


You had 8 spell levels left.
You knew the following spells:

 Your Spells              Type           Power        Failure   Level  Hunger
a - Magic Dart            Conj           #...         12%         1    N/A

Dungeon Overview and Level Annotations

Branches:
Dungeon (2/27)

Altars:


Innate Abilities, Weirdness & Mutations

You do not eat or drink.
Your flesh is vulnerable to fire.
Your flesh is cold resistant.
You are immune to negative energy.
Your system is resistant to poisons.
You are immune to unholy pain and torment.
You can survive without breathing.


Message History

The hobgoblin is heavily wounded.
The hobgoblin closely misses you.
You closely miss the hobgoblin.
The hobgoblin is heavily wounded.
The hobgoblin hits you with a short sword.
You hit the hobgoblin but do no damage.
The hobgoblin is heavily wounded.
The hobgoblin hits you with a short sword.
* * * LOW HITPOINT WARNING * * *
You are too injured to fight recklessly!
You are too injured to fight recklessly!
Casting: Magic Dart
Confirm with . or Enter, or press ? or * to list all spells.
Aiming: Magic Dart
Press: ? - help, Shift-Dir - straight line, f/p - hobgoblin
Aim: a hobgoblin, wielding a short sword and wearing a chain mail (heavily wounded)
The magic dart hits the hobgoblin.
The hobgoblin is severely wounded.
The hobgoblin hits you with a short sword.
You die...

#.# #.#.# #.#.#..[.. #.#
#.#.# ######%..#.....
#.#.##.#.###.......##.....
#.#................+......
#.#####).###.......#######
#.# #..# ######### #...
#.# ###).# #.##
#.###...g##############.##
#...'....@.....)..........
#####...#####.#########.#.
#.#.....#.# #.##
#.#####.#.# #.## #.# #.#.#
#.## #.# #.#.# #.## #.#
#.#.##### #.## #.#
#.#.....# #.## #.#
#.#.###.# #.##


You could see a hobgoblin.

Vanquished Creatures
  A giant gecko (D:1)
  3 giant cockroaches (D:1)
  7 goblins
  A hobgoblin (D:2)
  10 jackals (D:2)
  A quokka (D:2)
  7 bats
  A giant newt (D:2)
  7 kobolds
  4 rats
42 creatures vanquished.

Notes
Turn   | Place    | Note
--------------------------------------------------------------
     0 | D:1      | Malachi, the Mummy Wizard, began the quest for the Orb.
     0 | D:1      | Reached XP level 1. HP: 11/11 MP: 5/5
   161 | D:1      | Reached XP level 2. HP: 9/17 MP: 0/7
  1628 | D:2      | Reached XP level 3. HP: 20/22 MP: 3/9
  1789 | D:2      | Reached skill level 1 in Conjurations
  2467 | D:2      | Slain by a hobgoblin

Action                   || total
-------------------------++-------
Melee: Unarmed           ||    13
       Short sword       ||    24
       Spear             ||    26
Throw: Dagger            ||    22
 Cast: Magic Dart        ||    93
